 Dungeon Crawl Stone Soup version 0.30-a0-54-g2e61a25929 (webtiles) character file.

Game seed: 3644541718462820955

11286 Newt the Basher (level 11, -22/77 HPs)
             Began as a Demonspawn Gladiator on Sept 8, 2022.
             Was a Priest of Hepliaklqana.
             Annihilated by SirDiesAlot's ghost (27 damage)
             ... on level 10 of the Dungeon.
             The game lasted 00:16:07 (10739 turns).

Newt the Basher (Demonspawn Gladiator)             Turns: 10739, Time: 00:16:08

Health: -22/77     AC:  9    Str: 20    XL:     11   Next: 47%
Magic:  14/14      EV: 12    Int:  9    God:    Hepliaklqana [***...]
Gold:   371        SH: 16    Dex: 20    Spells: 10/10 levels left

rFire   + . .      SeeInvis .    r - +1 whip (pain)
rCold   . . .      Faith    .    K - +0 kite shield
rNeg    . . .      Spirit   .    x - +0 troll leather armour
rPois   .          Reflect  +    (helmet unavailable)
rElec   .          Harm     .    p - +0 cloak
rCorr   .          Rampage  .    Q - +0 pair of gloves
Will    .....                    (no boots)
Stlth   ++........               B - amulet of reflection
HPRegen 2.02/turn                n - +6 ring of dexterity
MPRegen 0.14/turn                l - ring of protection from fire

@: no status effects
A: reduced essence, horns 3, yellow scales 1, demonic guardian 1, powered by
death 2
a: Renounce Religion, Recall Ancestor, Ancestor Identity, Transference


You were on level 10 of the Dungeon.
You worshipped Hepliaklqana.
Hepliaklqana was most pleased with you.
You visited 1 branch of the dungeon, and saw 10 of its levels.

You collected 663 gold pieces.
You spent 292 gold pieces at shops.

Inventory:

Hand Weapons
 a - a +0 rapier
 d - a +2 whip of electrocution
 f - a +2 mace of protection
 q - a +0 hammer
 r - a +1 whip of pain (weapon)
 F - a +1 morningstar
 H - a +2 morningstar of draining
 R - a +2 flail of protection
Missiles
 e - 3 javelins (quivered)
 y - 5 boomerangs
 I - a throwing net
 P - 5 curare-tipped darts
Armour
 b - a +0 leather armour
 c - a +0 helmet
 p - a +0 cloak (worn)
 x - a +0 troll leather armour (worn)
 G - a +0 scale mail
 K - a +0 kite shield (worn)
 Q - a +0 pair of gloves (worn)
Jewellery
 l - a ring of protection from fire (right hand)
 m - a ring of wizardry
 n - a +6 ring of dexterity (left hand)
 B - an amulet of reflection (around neck)
 J - a ring of magical power
Wands
 k - a wand of charming (5)
Scrolls
 s - 6 scrolls of teleportation
 t - a scroll of amnesia
 C - 4 scrolls of magic mapping
 D - 3 scrolls of fog
 E - 3 scrolls of poison
 M - 3 scrolls of brand weapon
 N - 7 scrolls of identify
 O - 2 scrolls of enchant weapon
Potions
 g - a potion of ambrosia
 h - 4 potions of flight
 i - a potion of magic
 j - a potion of berserk rage
 o - 4 potions of degeneration
 u - a potion of invisibility
 v - a potion of cancellation
 w - 4 potions of curing
 z - a potion of mutation
 A - a potion of attraction
 L - a potion of lignification


   Skills:
 - Level 8.0 Fighting
 - Level 2.6 Short Blades
 - Level 10.0 Maces & Flails
 - Level 1.7 Throwing
 - Level 4.0 Armour
 - Level 4.0 Dodging
 - Level 2.0 Stealth
 - Level 6.0 Shields
 - Level 5.0 Invocations
 * Level 8.0 Evocations


You had 10 spell levels left.
You didn't know any spells.
Your spell library contained the following spells:

 Spells                   Type           Power      Damage    Failure   Level
 Sting                    Tmut/Pois      0%         1d3       78%         1
 Poisonous Vapours        Pois/Air       0%         N/A       89%         2
 Gell's Gravitas          Tloc           0%         N/A       98%         3
 Teleport Other           Tloc           0%         N/A       98%         3
 Olgreb's Toxic Radiance  Pois           0%         N/A       100%        4
 Dispersal                Tloc           0%         N/A       100%        6
 Ozocubu's Refrigeration  Ice            0%         4d7       100%        7
 Ignition                 Fire           0%         3d3       100%        8


Dungeon Overview and Level Annotations

Branches:
Dungeon (10/15)            Temple (0/1) D:4            Lair (0/5) D:10
    Orc: D:9-12

Altars:
Dithmenos
Fedhas
Gozag
Hepliaklqana
Makhleb
Nemelex Xobeh
Qazlal
Ru
Trog
Uskayaw
Yredelemnul

Shops:
D:1 ?   D:7 *   D:8 =?(*

Annotations:
D:7 2 transporters, gregwegmann's ghost, novice HOSu
D:10 1 transporter, SirDiesAlot's ghost, journeyman MiGl


Innate Abilities, Weirdness & Mutations

Your life essence is reduced to manifest your ancestor. (-10% HP)
You have a pair of large horns on your head.
You are partially covered in yellow scales. (AC +2)
A weak demonic guardian rushes to your aid.
You regenerate health from kills.


Message History

SirDiesAlot's ghost is heavily damaged.
You block SirDiesAlot's ghost's attack.
Amala hits SirDiesAlot's ghost with a +0 quarterstaff.
You barely miss SirDiesAlot's ghost.
SirDiesAlot's ghost is heavily damaged.
SirDiesAlot's ghost hits you.
Amala closely misses SirDiesAlot's ghost.
You barely miss SirDiesAlot's ghost.
SirDiesAlot's ghost is heavily damaged.
SirDiesAlot's ghost hits you!
Amala gestures at SirDiesAlot's ghost while chanting.
The stone arrow hits SirDiesAlot's ghost!
You hit SirDiesAlot's ghost.
You headbutt SirDiesAlot's ghost, but do no damage.
SirDiesAlot's ghost is severely damaged.
You hit SirDiesAlot's ghost but do no damage.
Your headbutt misses SirDiesAlot's ghost.
SirDiesAlot's ghost is severely damaged.
SirDiesAlot's ghost hits you!
Amala hits SirDiesAlot's ghost with a +0 quarterstaff!!
You barely miss SirDiesAlot's ghost.
SirDiesAlot's ghost is almost destroyed.
SirDiesAlot's ghost hits you!!
* * * LOW HITPOINT WARNING * * *
A demonic guardian appears!
Amala hits SirDiesAlot's ghost with a +0 quarterstaff!
You hit SirDiesAlot's ghost but do no damage.
SirDiesAlot's ghost is almost destroyed.
SirDiesAlot's ghost says, "To die, to sleep, no more."
You block SirDiesAlot's ghost's attack.
Amala barely misses SirDiesAlot's ghost.
Unknown command.
You hit SirDiesAlot's ghost but do no damage.
SirDiesAlot's ghost is almost destroyed.
SirDiesAlot's ghost hits you!!
* * * LOW HITPOINT WARNING * * *
Unknown command.
SirDiesAlot's ghost attacks as you move away!
SirDiesAlot's ghost hits you!!
You die...

#..###.###.###.#
#..##..!#...##.#
#..##.###.####.#
#..##)..#...##.#
#..#?#.#.#.#.#.#
#..#yy#...#..#.##
#.©#y.#.#.#.©#©.#
#..#y.#.5.#.†#..#
#..#$#.#@#†#†#..#
#..##...#WR.##..#
##..##.#.###.##..#
#...##...#...##..# #
#.#.###.# #.###..# ###
#.#..#########...# ..##
###.....###.###....#
#..#
#....##.......)...##
##.###....##.#.........#


You could see the friendly Amala the battlemage, SirDiesAlot's ghost (ally
target) and a friendly iron imp (summoned).

Vanquished Creatures
  A centaur warrior (D:9)
  Pikel (D:6)
  A manticore (D:9)
  2 kobold demonologists (D:10)
  A queen bee (D:10)
  A hornet (D:9)
  A troll (D:8)
  3 yaks (D:9)
  A wraith (D:10)
  A steam dragon (D:8)
  Menkaure (D:5)
  A water moccasin (D:6)
  An ice beast (D:7)
  2 orc warriors (D:9)
  2 sky beasts
  2 black bears
  An ogre (D:4)
  The ghost of IdlyInterested the Shield-Bearer, an amateur FoFi (D:3)
  A centaur (D:9)
  4 bullfrogs
  A necrophage (D:5)
  4 scorpions
  8 killer bees
  5 wights
  3 howler monkeys
  An electric eel (D:10)
  4 quasits (D:3)
  3 hounds
  4 orc priests
  Crazy Yiuf (D:3)
  3 iguanas
  9 orc wizards
  6 gnolls
  5 adders
  2 white imps
  An ufetubus (D:5)
  5 dart slugs
  18 orcs
  An endoplasm (D:4)
  A giant cockroach (D:1)
  3 goblins
  4 hobgoblins
  3 jackals (D:3)
  3 kobolds
  3 quokkas
  2 ball pythons
  2 bats
  4 frilled lizards
  5 rats
143 creatures vanquished.

Vanquished Creatures (collateral kills)
  Josephine (D:10)
  2 trolls (D:10)
  2 shadows
  A wyvern (D:9)
  3 yaks
  5 wraiths
  2 steam dragons
  2 orc warriors (D:9)
  An ogre (D:6)
  4 wolves (D:10)
  A phantom (D:5)
  A bullfrog (D:9)
  A necrophage (D:5)
  A scorpion (D:6)
  3 wights (D:7)
  9 killer bees
  2 howler monkeys (D:8)
  3 hounds
  2 orc priests
  A gnoll bouda (D:7)
  2 iguanas (D:6)
  4 orc wizards
  3 gnolls (D:7)
  A shadow imp (D:8)
  13 orcs
  A kobold (D:10)
71 creatures vanquished.

Vanquished Creatures (others)
  6 battlemagi
  An ancestor (D:5)
  8 fungi (D:6)
15 creatures vanquished.

Grand Total: 229 creatures vanquished

Notes
Turn   | Place    | Note
-------+----------+-------------------------------------------
     0 | D:1      | Newt the Demonspawn Gladiator began the quest for the Orb.
     0 | D:1      | Reached XP level 1. HP: 16/16 MP: 1/1
    37 | D:1      | Reached skill level 1 in Stealth
   231 | D:1      | Gained mutation: You have a pair of small horns on your
                  | head. [demonic ancestry]
   231 | D:1      | Reached XP level 2. HP: 22/22 MP: 2/2
   246 | D:1      | Found Hateusch's Magic Scroll Shop.
   822 | D:2      | Gained mutation: You have a pair of horns on your head.
                  | [demonic ancestry]
   822 | D:2      | Reached XP level 3. HP: 28/28 MP: 3/3
  1145 | D:2      | Found a hazy altar of Hepliaklqana.
  1363 | D:2      | Became a worshipper of Hepliaklqana the Forgotten
  1536 | D:3      | Found a transporter.
  1536 | D:3      | Noticed IdlyInterested's ghost (amateur FoFi)
  1583 | D:3      | Found a transporter.
  1679 | D:3      | Noticed a scorpion
  1691 | D:3      | Killed a scorpion
  1692 | D:3      | Reached skill level 1 in Maces & Flails
  1692 | D:3      | Reached XP level 4. HP: 25/37 MP: 4/4
  1939 | D:3      | Found a runed translucent door.
  1940 | D:3      | Noticed Crazy Yiuf
  2074 | D:3      | Found a burning altar of Makhleb.
  2076 | D:3      | Noticed a balrug
  2120 | D:3      | Reached skill level 2 in Maces & Flails
  2120 | D:3      | Gained mutation: A weak demonic guardian rushes to your
                  | aid. [demonic ancestry]
  2120 | D:3      | Reached XP level 5. HP: 17/42 MP: 5/5
  2626 | D:3      | Killed Crazy Yiuf
  2933 | D:3      | Reached skill level 3 in Maces & Flails
  2957 | D:3      | Reached XP level 6. HP: 11/48 MP: 6/6
  2963 | D:3      | Reached skill level 4 in Maces & Flails
  2994 | D:3      | Killed IdlyInterested's ghost
  3313 | D:4      | Reached skill level 5 in Maces & Flails
  3367 | D:3      | Gained mutation: You are partially covered in yellow
                  | scales. (AC +2) [demonic ancestry]
  3367 | D:3      | Reached XP level 7. HP: 32/54 MP: 7/7
  4305 | D:3      | Reached skill level 6 in Maces & Flails
  4753 | D:4      | Found a staircase to the Ecumenical Temple.
  4769 | D:4      | Reached skill level 1 in Armour
  4836 | D:4      | Reached * piety under Hepliaklqana
  5126 | D:5      | Entered Level 5 of the Dungeon
  5193 | D:5      | Noticed Menkaure
  5204 | D:5      | Killed Menkaure
  5205 | D:5      | Gained mutation: You have a pair of large horns on your
                  | head. [demonic ancestry]
  5205 | D:5      | Reached XP level 8. HP: 26/54 MP: 8/8
  5780 | D:5      | Reached skill level 5 in Fighting
  6380 | D:6      | Noticed Pikel
  6394 | D:6      | Killed Pikel
  6395 | D:6      | Reached skill level 7 in Maces & Flails
  6395 | D:6      | Gained mutation: You regenerate a little health from kills.
                  | [demonic ancestry]
  6395 | D:6      | Reached XP level 9. HP: 27/62 MP: 9/9
  6572 | D:6      | Found a blossoming altar of Fedhas.
  6909 | D:6      | Reached skill level 8 in Maces & Flails
  6921 | D:6      | Reached ** piety under Hepliaklqana
  6922 | D:6      | Remembered your ancestor Amala as a battlemage
  7163 | D:7      | Reached skill level 5 in Invocations
  7577 | D:7      | Found a transporter.
  7621 | D:7      | Noticed gregwegmann's ghost (novice HOSu)
  7624 | D:7      | Found a transporter.
  7763 | D:7      | Found Kamim's General Store.
  7772 | D:7      | Reached skill level 9 in Maces & Flails
  8031 | D:7      | Reached *** piety under Hepliaklqana
  8389 | D:8      | Noticed a troll
  8407 | D:8      | Killed a troll
  8408 | D:8      | Reached skill level 10 in Maces & Flails
  8408 | D:8      | Reached skill level 1 in Shields
  8421 | D:8      | Gained mutation: You regenerate health from kills. [demonic
                  | ancestry]
  8421 | D:8      | Reached XP level 10. HP: 50/68 MP: 13/13
  8573 | D:8      | Found Inwy's Magic Scroll Emporium.
  8580 | D:8      | Bought a scroll of identify for 30 gold pieces
  8580 | D:8      | Bought a scroll of identify for 30 gold pieces
  8580 | D:8      | Bought a scroll of enchant weapon for 112 gold pieces
  8580 | D:8      | Bought a scroll of identify for 30 gold pieces
  8580 | D:8      | Bought a scroll of identify for 30 gold pieces
  8580 | D:8      | Bought a scroll of identify for 30 gold pieces
  8580 | D:8      | Bought a scroll of identify for 30 gold pieces
  8602 | D:8      | Identified the +2 robe of Intercession {rElec Will+}
  8609 | D:8      | Found Rihini's Antique Weapon Shoppe.
  8788 | D:8      | Found Okoton's General Store.
  8857 | D:8      | Found Vutex's Jewellery Shop.
  9362 | D:9      | Noticed a manticore
  9363 | D:9      | Found a hide-covered altar of Uskayaw.
  9363 | D:9      | Noticed a centaur warrior
  9373 | D:9      | Killed a manticore
  9374 | D:9      | Reached skill level 5 in Shields
  9386 | D:9      | Killed a centaur warrior
  9683 | D:9      | Found a hide-covered altar of Uskayaw.
  9685 | D:9      | Found a sparkling altar of Nemelex Xobeh.
  9686 | D:9      | Found a shadowy altar of Dithmenos.
  9687 | D:9      | Found a sacrificial altar of Ru.
  9687 | D:9      | Found an opulent altar of Gozag.
  9688 | D:9      | Found a bloodstained altar of Trog.
  9689 | D:9      | Found a basalt altar of Yredelemnul.
  9690 | D:9      | Found a stormy altar of Qazlal.
  9705 | D:9      | Reached skill level 1 in Evocations
  9746 | D:10     | Entered Level 10 of the Dungeon
  9765 | D:9      | HP: 1/72 [yak (12)]
  9966 | D:9      | Reached XP level 11. HP: 49/77 MP: 14/14
 10174 | D:10     | Noticed SirDiesAlot's ghost (journeyman MiGl)
 10234 | D:10     | Found a transporter.
 10239 | D:10     | Found a transporter.
 10262 | D:10     | Found a staircase to the Lair.
 10271 | D:10     | Reached skill level 5 in Evocations
 10374 | D:10     | Noticed Josephine
 10381 | D:10     | Killed Josephine
 10526 | D:10     | Reached **** piety under Hepliaklqana
 10739 | D:10     | Annihilated by SirDiesAlot's ghost

Illustrated notes

Levels and vault maps discovered:
D:1:      minmay_arrival_four_houses, layout_loops_cross, serial_shops,
          nicolae_diamond_shop, grunt_decor_clamped
D:2:      layout_basic, basic_altar
D:3:      layout_basic, makhleb_altar_promises_db, gammafunk_ghost_stat_death,
          uniq_crazy_yiuf_cottage
D:4:      layout_loops_ring, minmay_temple_entry_large_hall,
          chequers_serial_rivers_marsh, st_stairs_1, minmay_misc_feat_iff
D:5:      layout_rooms, uniq_menkaure
D:6:      layout_cave_pools, mainiacjoe_overflow_two_lobes, minivault_19,
          dreamdust_mushroom_princess, hex_medium, hangedman_decor_riveting,
          minmay_misc_feat_diagonals, uniq_pikel
D:7:      layout_basic, gammafunk_ghost_arena, serial_shops,
          nicolae_shop_temple_entry_statues_fountains
D:8:      layout_basic, serial_shops, nicolae_shop_statue_plus, shop,
          nicolae_shop_hallway_stairs, nicolae_shop_behind_doors
D:9:      layout_rooms, nicolae_overflows_in_rows, minmay_ruined_shrine
D:10:     layout_rooms, erik_lair_island, gammafunk_ghost_hive, uniq_josephine

Skill      XL: |  1  2  3  4  5  6  7  8  9 10 11 |
---------------+----------------------------------+-----
Stealth        | 1 2 |  2.0
Fighting       | 4 6 8 |  8.0
Maces & Flails | 1 2 3 5 6 7 10 | 10.0
Dodging        | 4 |  4.0
Armour         | 3 4 |  4.0
Invocations    | 5 |  5.0
Shields        | 1 6 |  6.0
Evocations     | 3 8 |  8.0
Short Blades   | |  2.6
Throwing       | |  1.7

Action                   |  1- 3 |  4- 6 |  7- 9 | 10-12 || total
-------------------------+-------+-------+-------+-------++-------
Melee: Mace              |    75 |    94 |    20 |       ||   189
       Rapier            |     3 |       |       |       ||     3
       Headbutt          |    11 |    17 |    65 |    62 ||   155
       Punch             |       |     3 |     7 |       ||    10
       Whip              |       |       |   304 |   305 ||   609
Throw: Throwing net      |       |     2 |     3 |       ||     5
       Javelin           |       |       |     2 |       ||     2
       Boomerang         |       |       |     1 |       ||     1
Invok: Ancestor Life: Ba |       |       |     1 |       ||     1
       Recall Ancestor   |       |       |       |     1 ||     1
  Use: Scroll            |     9 |     2 |     9 |     7 ||    27
       Potion            |     2 |     1 |     2 |     3 ||     8
 Stab: Sleeping          |     3 |       |     3 |       ||     6
       Distracted        |       |       |     4 |     5 ||     9
Armor: Leather armour    |    21 |   132 |    55 |       ||   208
       Scale mail        |       |       |    43 |    59 ||   102
       Troll leather arm |       |       |       |     7 ||     7
Dodge: Dodged            |    47 |   173 |   133 |    93 ||   446
Block: Other             |       |       |    32 |       ||    32
       Kite shield       |       |       |     6 |   237 ||   243
       Reflection        |       |       |     1 |     2 ||     3

Table legend: (Time is in decaauts)
 A = Elapsed time spent in this place.
 B = Non-inter-level travel time spent in this place.
 C = Inter-level travel time spent in this place.
 D = Time resting spent in this place.
 E = Time spent auto-exploring this place.
 F = Levels seen in this place.
 G = Mean time per level.
                   A        B        C        D        E       F      G
               +--------+--------+--------+--------+--------+-----+--------+
         Total |  10656 |  10339 |    317 |   2836 |   5816 |  10 | 1065.6 |
       Dungeon |  10656 |  10339 |    317 |   2836 |   5816 |  10 | 1065.6 |
               +--------+--------+--------+--------+--------+-----+--------+

Top non-repeatable levels by time:
     D:3: 2632 daAuts
     D:7: 1183 daAuts
     D:4: 1149 daAuts
     D:9: 1109 daAuts
     D:6: 1099 daAuts
     D:5: 864 daAuts
     D:1: 815 daAuts
     D:8: 646 daAuts
    D:10: 582 daAuts
     D:2: 573 daAuts
